 Dungeon Crawl Stone Soup version 0.23-a0-183-gf37f6fb (webtiles) character file.

1185 nikopol the Magician (level 8, -1/41 HPs)
             Began as a Deep Elf Fire Elementalist on Sept 21, 2018.
             Was a Follower of Vehumet.
             Slain by Prince Ribbit (13 damage)
             ... on level 5 of the Dungeon on Sept 22, 2018.
             The game lasted 00:15:31 (5213 turns).

nikopol the Magician (Deep Elf Fire Elementalist)   Turns: 5213, Time: 00:15:32

Health: -1/41      AC:  5    Str:  5    XL:     8   Next: 19%
Magic:  10/21      EV: 14    Int: 23    God:    Vehumet [*.....]
Gold:   254        SH:  0    Dex: 15    Spells: 12/22 levels left

rFire    . . .     SeeInvis .   v - +2 dagger (venom)
rCold    . . .     Gourm    .   (no shield)
rNeg     . . .     Faith    .   a - +0 robe
rPois    .         Spirit   .   q - +2 helmet
rElec    .         Reflect  .   (no cloak)
rCorr    .         Harm     .   (no gloves)
MR       .....                  (no boots)
Stlth    +++.......             (no amulet)
HPRegen  0.13/turn              x - ring of flight
MPRegen  0.17/turn              (no ring)

@: very slightly contaminated
A: no striking features
a: Renounce Religion, Evoke Flight


You were on level 5 of the Dungeon.
You worshipped Vehumet.
Vehumet was aware of your devotion.
You were not hungry.

You visited 1 branch of the dungeon, and saw 5 of its levels.

You collected 254 gold pieces.

Inventory:

Hand Weapons
 u - a +0 dagger of flaming
 v - a +2 dagger of venom (weapon)
Armour
 a - a +0 robe (worn)
 q - a +2 helmet (worn)
Jewellery
 x - a ring of flight (left hand)
Scrolls
 b - 5 scrolls of teleportation {unknown}
 d - 11 scrolls of identify {unknown}
 g - 2 scrolls of enchant weapon {unknown}
 i - a scroll of enchant armour {unknown}
 j - 2 scrolls of remove curse {unknown}
 k - 3 scrolls of amnesia {unknown}
 l - a scroll of magic mapping {unknown}
 n - 2 scrolls of blinking {unknown}
 o - a scroll of fear {unknown}
 p - a scroll of fog {unknown}
Potions
 e - 2 potions of brilliance {unknown}
 f - a potion of agility {unknown}
 h - a potion of might {unknown}
 m - a potion of invisibility {unknown}
 r - 2 potions of lignification {unknown}
 s - 3 potions of curing {unknown}
 t - a potion of heal wounds {unknown}
 w - 2 potions of flight {unknown}
Comestibles
 c - 12 rations
 z - 2 chunks of flesh


   Skills:
 + Level 0.1 Fighting
 + Level 3.7 Dodging
 + Level 3.9 Stealth
 + Level 7.7 Spellcasting
 + Level 5.0 Conjurations
 + Level 7.0 Fire Magic


You had 12 spell levels left.
You knew the following spells:

 Your Spells              Type           Power        Failure   Level  Hunger
a - Flame Tongue          Conj/Fire      #####        1%          1    None
b - Throw Flame           Conj/Fire      #####.       1%          2    None
c - Conjure Flame         Conj/Fire      #####...     1%          3    None
d - Sticky Flame          Conj/Fire      #####...     6%          4    ###....

Your spell library contained the following spells:

 Spells                   Type           Power        Failure   Level  Hunger
 Sandblast                Erth           #.....       7%          1    None
 Inner Flame              Hex/Fire       ####....     4%          3    None
 Fireball                 Conj/Fire      #####.....   16%         5    #####..


Dungeon Overview and Level Annotations

Branches:
Dungeon (5/15)             Temple (0/1) D:4

Altars:
Ashenzari
Cheibriados
Dithmenos
Elyvilon
Kikubaaqudgha
Qazlal
Ru
Trog
Vehumet

Annotations:
D:5 Prince Ribbit


Message History

There is a shaft, spattered with blood here.
Casting: Flame Tongue (safe; 1% risk of failure)
Confirm with . or Enter, or press ? or * to list all spells.
Aiming: Sticky Flame (safe; 6% risk of failure)
Press: ? - help, Shift-Dir - straight line, f - Prince Ribbit
Aim: Prince Ribbit You miscast Sticky Flame.
You are very lightly contaminated with residual magic.
Heat runs through your body. Prince Ribbit hits you!
* * * LOW HITPOINT WARNING * * *
Casting: Sticky Flame (safe; 6% risk of failure)
Confirm with . or Enter, or press ? or * to list all spells.
Aiming: Sticky Flame (safe; 6% risk of failure)
Press: ? - help, Shift-Dir - straight line, f/p - Prince Ribbit
Aim: Prince Ribbit The sticky flame hits Prince Ribbit.
Prince Ribbit is lightly wounded.
Prince Ribbit is covered in liquid flames!
Prince Ribbit burns!
Prince Ribbit barely misses you. Prince Ribbit hits you!
You die...

#.#####.####.#.......#.#
#.###..####.####.#
#.................
#####.#.....######
#.#.....######
#.#.###....... #####.#.#
######## #.....#.# #....
#@#####.# #.### #F.# #.#
#.... #.... #.# #####
#.....#.# #.....#.#
#######


You could see Prince Ribbit (burning).

Vanquished Creatures
  Grinder (D:3)
  Menkaure (D:5)
  3 scorpions
  A howler monkey (D:4)
  A hound (D:4)
  A bullfrog skeleton (D:4)
  A jelly (D:5)
  An orc priest (D:5)
  An iguana (D:4)
  6 orc wizards
  2 worker ants
  10 gnolls
  11 adders
  An ooze (D:3)
  6 worms
  A dart slug (D:3)
  3 leopard geckos
  13 orcs
  2 ball pythons
  12 bats
  A bat zombie (D:5)
  6 giant cockroaches
  9 goblins
  11 hobgoblins
  6 jackals
  4 quokkas
  4 frilled lizards
  10 kobolds
  A leopard gecko skeleton (D:5)
  10 rats
  2 rat zombies (D:5)
142 creatures vanquished.

Vanquished Creatures (others)
  5 toadstools (D:1)
5 creatures vanquished.

Grand Total: 147 creatures vanquished

Notes
Turn   | Place    | Note
-------+----------+-------------------------------------------
     0 | D:1      | nikopol the Deep Elf Fire Elementalist began the quest for
                  | the Orb.
     0 | D:1      | Reached XP level 1. HP: 10/10 MP: 6/6
   181 | D:1      | Reached XP level 2. HP: 15/15 MP: 0/8
   816 | D:1      | Reached XP level 3. HP: 19/19 MP: 8/10
  1380 | D:2      | Reached XP level 4. HP: 17/24 MP: 7/12
  1384 | D:2      | Learned a level 2 spell: Throw Flame
  1388 | D:2      | Learned a level 3 spell: Conjure Flame
  1393 | D:2      | Learned a level 4 spell: Sticky Flame
  1460 | D:2      | Found a snail-covered altar of Cheibriados.
  1498 | D:2      | Found a sacrificial altar of Ru.
  1596 | D:2      | Found a shadowy altar of Dithmenos.
  1673 | D:2      | Found a stormy altar of Qazlal.
  1674 | D:2      | Found a white marble altar of Elyvilon.
  2121 | D:2      | Reached XP level 5. HP: 23/28 MP: 11/14
  2487 | D:3      | Noticed Grinder
  2665 | D:3      | Found a radiant altar of Vehumet.
  2674 | D:3      | Became a worshipper of Vehumet
  2702 | D:3      | Reached skill level 5 in Spellcasting
  2856 | D:3      | Reached skill level 5 in Fire Magic
  3112 | D:3      | Killed Grinder
  3112 | D:3      | Reached XP level 6. HP: 30/32 MP: 3/17
  3500 | D:4      | Reached XP level 7. HP: 36/36 MP: 8/18
  3576 | D:4      | Found a shattered altar of Ashenzari.
  3594 | D:4      | Found a staircase to the Ecumenical Temple.
  3745 | D:4      | Reached * piety under Vehumet
  3745 | D:4      | Offered knowledge of Sandblast by Vehumet.
  4723 | D:5      | Entered Level 5 of the Dungeon
  4739 | D:5      | Noticed Menkaure
  4743 | D:5      | Killed Menkaure
  4808 | D:5      | Found an ancient bone altar of Kikubaaqudgha.
  4901 | D:5      | Reached XP level 8. HP: 41/41 MP: 19/21
  5098 | D:5      | Found a bloodstained altar of Trog.
  5180 | D:5      | Reached skill level 5 in Conjurations
  5211 | D:5      | Noticed Prince Ribbit
  5213 | D:5      | Slain by Prince Ribbit

Vault maps used:
D:1:      ldierk_walled_garden
D:2:      nicolae_ru_the_path_less_chosen, minitemple, grunt_ministairs_1,
          cheibriados_altar_1
D:3:      kb_forest_paths, lemuel_coloured_pillars_altar, uniq_grinder
D:4:      evilmike_ruin_ashenzari, temple_statues, first_ration
D:5:      nicolae_overflow_crystal_walls, lemuel_zombie_altar_kikubaaqudgha,
          uniq_menkaure, uniq_duvessa, uniq_prince_ribbit1, uniq_blork_the_orc

Skill      XL: |  1  2  3  4  5  6  7  8 |
---------------+-------------------------+-----
Fire Magic     | 4 5 6 7 |  7.0
Spellcasting   | 4 6 7 |  7.7
Conjurations   | 2 3 4 5 |  5.0
Dodging        | 3 |  3.7
Stealth        | 3 |  3.9
Fighting       | |  0.1

Action                   |  1- 3 |  4- 6 |  7- 9 || total
-------------------------+-------+-------+-------++-------
 Cast: Flame Tongue      |    75 |   128 |    84 ||   287
       Conjure Flame     |       |     3 |       ||     3
       Sticky Flame      |       |     6 |    13 ||    19
       Throw Flame       |       |     1 |       ||     1
  Eat: Chunk             |     1 |     7 |     7 ||    15
Armor: Robe              |     4 |     6 |       ||    10
Dodge: Dodged            |    22 |    22 |    12 ||    56

Table legend:
 A = Non-vault XP
 B = Vault XP
 C = Vault XP percentage of total XP
 D = Non-vault monster count
 E = Vault monster count
 F = Vault count percentage of total count
                 A         B        C        D         E       F
            +---------+---------+-------+---------+---------+-------
      Total |    1241 |     453 |  26.7 |     129 |      13 |   9.2
            +---------+---------+-------+---------+---------+-------
        D:1 |      41 |       0 |   0.0 |      26 |       0 |   0.0
        D:2 |     188 |       4 |   2.1 |      34 |       2 |   5.6
        D:3 |     143 |     273 |  65.6 |      30 |       7 |  18.9
        D:4 |     563 |       0 |   0.0 |      28 |       0 |   0.0
        D:5 |     306 |     176 |  36.5 |      11 |       4 |  26.7
            +---------+---------+-------+---------+---------+-------
